 Dungeon Crawl Stone Soup version 0.31-a0-1181-g57eb4e83fd (webtiles) character file.

Game seed: 7454344302628822996

564 qw the Shooter (level 7, -4/43 HPs)
             Began as a Gargoyle Hunter on Dec 11, 2023.
             Slain by a two-headed ogre
             ... wielding a +0 giant spiked club
              (11 damage)
             ... on level 5 of the Dungeon.
             The game lasted 00:01:41 (3609 turns).

qw the Shooter (Gargoyle Hunter)                    Turns: 3609, Time: 00:01:42

Health: -4/43      AC: 17    Str: 21    XL:     7   Next: 32%
Magic:  7/7        EV: 12    Int:  9    God:
Gold:   248        SH:  0    Dex: 20    Spells: 6/6 levels left

rFire   + . .        a - +0 shortbow
rCold   . . .        (shield currently unavailable)
rNeg    + + .        e - +2 ring mail of Recklessness {rPois rN+ Dex+3}
rPois   inf          (helmet restricted)
rElec   +            (no cloak)
rCorr   .            i - +2 pair of gloves
SInv    .            (no boots)
Will    .....        (no amulet)
Stlth   ++           j - +6 ring of strength
HPRegen 0.27/turn    k - ring of protection from fire
MPRegen 0.10/turn

%: no passive effects
@: about to teleport
A: sickness immunity, AC +4, negative energy resistance 1, electricity
resistance, torment resistance 1, petrification resistance, claws 1, horns 1,
iridescent scales 1, thin skeletal structure 1
a: no special abilities


You were on level 5 of the Dungeon.
You visited 1 branch of the dungeon, and saw 5 of its levels.

You collected 248 gold pieces.


Innate Abilities, Weirdness & Mutations

You are immune to sickness and miasma.
Your stone body is resilient. (AC +4)
You are immune to poison.
You resist negative energy. (rN+)
You are resistant to electric shocks. (rElec)
You are resistant to unholy torment.
You are immune to petrification.
You have sharp fingernails.
You have a pair of small horns on your head.
You are partially covered in iridescent scales. (AC +2)
You have a somewhat thin skeletal structure. (Dex +2, Stealth+)


   Skills:
 - Level 4.2 Fighting
 + Level 7.6 Ranged Weapons
 - Level 1.0 Armour
 - Level 2.0 Dodging
 - Level 1.1 Stealth


You had 6 spell levels left.
You didn't know any spells.
Your spell library was empty.

Inventory:

Hand Weapons
 a - a +0 shortbow (weapon)
Armour
 e - the +2 ring mail of Recklessness (worn) {rPois rN+ Dex+3}
   (You found it on level 2 of the Dungeon)

   Dex+3:     It affects your dexterity (+3).
   rPois:     It protects you from poison rN+: It protects you from negative
   energy.
 i - a +2 pair of gloves (worn)
Jewellery
 j - a +6 ring of strength (left hand)
 k - a ring of protection from fire (right hand)
Wands
 c - a wand of roots (12)
Scrolls
 f - a scroll of identify
Potions
 b - 2 potions of mutation
 d - 2 potions of curing
 g - a potion of enlightenment

Dungeon Overview and Level Annotations

Branches:
Dungeon (5/15)
 Temple: D:4-7

Altars:
Cheibriados
The Shining One

Shops:
D:2 =

Annotations:
D:3 1 runed translucent door, qw's ghost, amateur GrHu
D:4 1 runed translucent door, qw's ghost, amateur GrHu


Message History

The ufetubus closely misses you. The jelly hits you but does no damage.
3603 ||| Stepping ~*~*~tactically~*~*~ (retreating).
The ufetubus barely misses you. x2
The ufetubus hits you but does no damage.
The ufetubus misses you.
You see here a +1 hand axe of flaming.
3604 ||| Stepping ~*~*~tactically~*~*~ (retreating).
You shoot an arrow. The arrow closely misses the ufetubus.
The hound barks!
The arrow hits the orc priest!
The orc priest is heavily wounded.
The ufetubus slips past you! The ufetubus misses you. x2
The ufetubus barely misses you. The ufetubus closely misses you.
You shoot an arrow. The arrow hits the two-headed ogre!
The two-headed ogre is lightly wounded.
The ufetubus barely misses you. The ufetubus closely misses you.
The two-headed ogre hits you with a +0 giant spiked club!
The two-headed ogre hits you with a +0 giant club!
3607 ||| READING scroll of teleportation.
As you read the scroll of teleportation, it crumbles to dust.
You feel strangely unstable.
The ufetubus hits you but does no damage. x3
The ufetubus closely misses you.
The orc priest begins to cast a cantrip, but forgets the words!
You shoot an arrow. The arrow hits the two-headed ogre.
The two-headed ogre is lightly wounded.
The ufetubus misses you. The ufetubus closely misses you.
The two-headed ogre barely misses you. The two-headed ogre closely misses you.
The orc wizard gestures wildly while chanting.
The orc wizard flickers and vanishes!
Deactivating autopickup; reactivate with Ctrl-A.
The ufetubus hits you but does no damage.
The ufetubus barely misses you.
You hear an angry hiss.
You shoot an arrow. The arrow hits the two-headed ogre!
The two-headed ogre is moderately wounded.
The ufetubus barely misses you.
The ufetubus hits you but does no damage.
The two-headed ogre hits you with a +0 giant spiked club!
You die...

### ..# #.# #5#
#@# ## ##O#
##..####Jo###
#..?..<.5{h.###
#...............
#..#####:######...
. ### ..


You could see a two-headed ogre, a hound, a jelly, an orc priest and 2 ufetubi.

Vanquished Creatures
  2 ogres (D:4)
  4 orc priests
  2 sleepcaps (D:4)
  5 gnolls
  6 adders
  4 worms
  A dart slug (D:4)
  11 orcs
  7 endoplasms
  4 giant cockroaches
  15 goblins
  8 hobgoblins
  9 kobolds
  3 quokkas
  12 ball pythons
  3 bats
  4 frilled lizards
  7 rats
107 creatures vanquished.

Notes
Turn   | Place    | Note
-------+----------+-------------------------------------------
     0 | D:1      | qw the Gargoyle Hunter began the quest for the Orb.
     0 | D:1      | Reached XP level 1. HP: 12/12 MP: 1/1
     0 | D:1      | 0 ||| qw: Version: 0.3-a-106-g2cfff9e
     0 | D:1      | 0 ||| qw: Game counter: 2072
     0 | D:1      | 0 ||| qw: Melee chars always use a shield: true
     0 | D:1      | 0 ||| qw: God list: Okawaru
     0 | D:1      | 0 ||| qw: Allow faded altars: false
     0 | D:1      | 0 ||| qw: Do Orc after clearing Dungeon:15 true
     0 | D:1      | 0 ||| qw: Do second Lair branch before Depths: true
     0 | D:1      | 0 ||| qw: Lair rune preference: random
     0 | D:1      | 0 ||| qw: Goals: Normal, Save, Zot:1-4, Win
     0 | D:1      | 0 ||| PLANNING D:1-11
   106 | D:1      | Reached XP level 2. HP: 17/17 MP: 2/2
   169 | D:1      | Found a faded altar of an unknown god.
   300 | D:1      | Reached skill level 5 in Ranged Weapons
   300 | D:1      | Reached XP level 3. HP: 14/21 MP: 3/3
  1161 | D:1      | 1161 ||| UPGRADING to +0 ring mail.
  1171 | D:1      | 1171 ||| DROPPING +0 leather armour.
  1172 | D:1      | 1172 ||| UPGRADING to +0 leather armour of cold resistance.
  1182 | D:1      | 1182 ||| UPGRADING to +6 ring of strength.
  1183 | D:1      | 1183 ||| READING 3 scrolls labelled ROFEIDIDGHE.
  1184 | D:1      | 1184 ||| READING scroll labelled PUPSING BEOSH.
  1285 | D:1      | 1285 ||| DRINKING 2 amethyst potions.
  1286 | D:1      | 1286 ||| DROPPING scroll of butterflies.
  1287 | D:1      | 1287 ||| DROPPING 2 scrolls of revelation.
  1303 | D:2      | 1303 ||| STAIRDANCE
  1313 | D:1      | Reached skill level 3 in Fighting
  1373 | D:2      | Reached XP level 4. HP: 9/28 MP: 4/4
  1373 | D:2      | 1373 ||| STAIRDANCE
  1456 | D:2      | 1456 ||| STAIRDANCE
  1462 | D:2      | 1462 ||| STAIRDANCE
  1490 | D:2      | Found Xotif's Jewellery Shop.
  1499 | D:2      | 1499 ||| SHOPLISTING amulet of reflection (420 gold, have
                  | 95).
  1499 | D:2      | 1499 ||| SHOPLISTING ring of Jixt {rPois rC+ rCorr AC+4}
                  | (837 gold, have 95).
  1499 | D:2      | 1499 ||| SHOPLISTING ring of fire (350 gold, have 95).
  1499 | D:2      | 1499 ||| SHOPLISTING ring of protection from fire (350
                  | gold, have 95).
  1499 | D:2      | 1499 ||| SHOPLISTING ring of see invisible (210 gold, have
                  | 95).
  1988 | D:2      | Identified the +2 ring mail of Recklessness {rPois rN+
                  | Dex+3}
  1992 | D:2      | 1992 ||| UPGRADING to +2 ring mail of Recklessness {rPois
                  | rN+ Dex+3}.
  2002 | D:2      | 2002 ||| DROPPING +0 ring mail.
  2003 | D:2      | 2003 ||| DROPPING +0 leather armour of cold resistance.
  2004 | D:2      | 2004 ||| READING scroll labelled TATIUSSUIN.
  2129 | D:3      | 2129 ||| Stepping ~*~*~tactically~*~*~ (retreating).
  2130 | D:3      | 2130 ||| Stepping ~*~*~tactically~*~*~ (retreating).
  2131 | D:3      | 2131 ||| Stepping ~*~*~tactically~*~*~ (retreating).
  2132 | D:3      | 2132 ||| FLEEEEING.
  2134 | D:3      | 2134 ||| FLEEEEING.
  2135 | D:3      | 2135 ||| FLEEEEING.
  2136 | D:3      | 2136 ||| FLEEEEING.
  2137 | D:3      | 2137 ||| FLEEEEING.
  2138 | D:3      | 2138 ||| FLEEEEING.
  2139 | D:3      | 2139 ||| FLEEEEING.
  2140 | D:3      | 2140 ||| FLEEEEING.
  2141 | D:3      | 2141 ||| FLEEEEING.
  2142 | D:3      | 2142 ||| FLEEEEING.
  2143 | D:3      | 2143 ||| FLEEEEING.
  2144 | D:3      | 2144 ||| FLEEEEING.
  2145 | D:3      | 2145 ||| FLEEEEING.
  2146 | D:3      | 2146 ||| FLEEEEING.
  2147 | D:3      | 2147 ||| FLEEEEING.
  2148 | D:3      | 2148 ||| FLEEEEING.
  2149 | D:3      | 2149 ||| FLEEEEING.
  2150 | D:3      | 2150 ||| FLEEEEING.
  2151 | D:3      | 2151 ||| FLEEEEING.
  2152 | D:3      | 2152 ||| FLEEEEING.
  2153 | D:3      | 2153 ||| FLEEEEING.
  2154 | D:3      | 2154 ||| FLEEEEING.
  2155 | D:3      | 2155 ||| STAIRDANCE
  2174 | D:2      | 2174 ||| DROPPING +6 ring of intelligence.
  2175 | D:2      | 2175 ||| READING scroll labelled HOLESU VUUFU.
  2179 | D:2      | 2179 ||| READING scroll labelled ZARARU IMAIS.
  2245 | D:3      | Reached skill level 1 in Armour
  2248 | D:3      | Reached XP level 5. HP: 32/32 MP: 5/5
  2345 | D:3      | Reached skill level 6 in Ranged Weapons
  2354 | D:3      | Found a runed translucent door.
  2365 | D:3      | Noticed qw's ghost (amateur GrHu)
  2692 | D:3      | 2692 ||| UPGRADING to +1 pair of gloves.
  2697 | D:3      | 2697 ||| DRINKING 3 red potions.
  2697 | D:3      | Gained mutation: You have a pair of small horns on your
                  | head. [potion of mutation]
  2697 | D:3      | Gained mutation: You are partially covered in iridescent
                  | scales. (AC +2) [potion of mutation]
  2697 | D:3      | Gained mutation: You have hidden genetic potential. [potion
                  | of mutation]
  2718 | D:4      | 2718 ||| PLANNING SEWER
  2763 | D:4      | Found a runed translucent door.
  2774 | D:4      | Found a glowing golden altar of the Shining One.
  2850 | D:4      | Reached XP level 6. HP: 38/38 MP: 6/6
  2863 | D:4      | 2863 ||| STAIRDANCE
  2876 | D:3      | 2876 ||| UPGRADING to ring of protection from fire.
  2877 | D:3      | 2877 ||| READING 2 scrolls labelled JOMMECR WORA.
  2877 | D:3      | 2877 ||| IDENTIFYING fuming dark potion
  2878 | D:3      | 2878 ||| READING scroll of identify.
  2878 | D:3      | 2878 ||| IDENTIFYING fuming pink potion
  2879 | D:3      | 2879 ||| READING scroll labelled DITINEICZE.
  2879 | D:3      | 2879 ||| ENCHANTING +1 pair of gloves.
  2880 | D:3      | 2880 ||| DROPPING potion of berserk rage.
  2883 | D:4      | 2883 ||| STAIRDANCE
  2891 | D:4      | 2891 ||| STAIRDANCE
  2921 | D:4      | 2921 ||| STAIRDANCE
  2933 | D:3      | Gained mutation: You have sharp fingernails. [hidden
                  | potential]
  3019 | D:4      | Noticed qw's ghost (amateur GrHu)
  3031 | D:4      | HP: 8/38 [ogre/+0 giant club (13)]
  3032 | D:4      | 3032 ||| READING scroll of teleportation.
  3033 | D:4      | 3033 ||| DRINKING murky amethyst potion.
  3034 | D:4      | 3034 ||| DRINKING purple potion.
  3036 | D:4      | Reached skill level 7 in Ranged Weapons
  3312 | D:4      | Reached XP level 7. HP: 40/43 MP: 7/7
  3312 | D:4      | 3312 ||| RIP SEWER
  3313 | D:4      | 3313 ||| PLANNING D:1-11
  3327 | D:4      | Found a snail-covered altar of Cheibriados.
  3348 | D:4      | Gained mutation: You have a somewhat thin skeletal
                  | structure. (Dex +2, Stealth+) [hidden potential]
  3348 | D:4      | Lost mutation: You have hidden genetic potential. [hidden
                  | potential expressed]
  3598 | D:5      | Entered Level 5 of the Dungeon
  3598 | D:5      | Noticed a two-headed ogre
  3599 | D:5      | 3599 ||| Stepping ~*~*~tactically~*~*~ (retreating).
  3600 | D:5      | 3600 ||| Stepping ~*~*~tactically~*~*~ (retreating).
  3601 | D:5      | 3601 ||| Stepping ~*~*~tactically~*~*~ (retreating).
  3602 | D:5      | 3602 ||| Stepping ~*~*~tactically~*~*~ (retreating).
  3603 | D:5      | 3603 ||| Stepping ~*~*~tactically~*~*~ (retreating).
  3604 | D:5      | 3604 ||| Stepping ~*~*~tactically~*~*~ (retreating).
  3606 | D:5      | HP: 6/43 [two-headed ogre/+0 giant spiked club (14)]
  3607 | D:5      | 3607 ||| READING scroll of teleportation.
  3609 | D:5      | Slain by a two-headed ogre

Levels and vault maps discovered:
D:1:      sevenhm_arrival_forest_fort_small_1, layout_basic,
          shapermc_ecumenical_altar_notcrosses
D:2:      layout_rooms, serial_shops, shop
D:3:      corexii_shack_village, layout_basic, ebering_ghost_reflecting_pool,
          hangedman_abyss_or_decor_lesser_grid, minmay_stone_trees_small
D:4:      layout_basic, cheibriados_altar_1, tso_metal_star,
          ebering_ghost_inner_flame, gup_sewer_entry_spiral
D:5:      layout_layer_cave, yredelemnul_forgotten_temple_becter,
          minmay_temple_entry_antechambers, minmay_manual_monolith,
          uniq_blork_the_orc

Skill      XL: |  1  2  3  4  5  6  7 |
---------------+----------------------+-----
Ranged Weapons | 5 6 7 |  7.6
Fighting       | 3 4 |  4.2
Armour         | 1 |  1.0
Dodging        | 2 |  2.0
Stealth        | |  1.1

Action                     |  1- 3 |  4- 6 |  7- 9 || total
---------------------------+-------+-------+-------++-------
   Fire: Shortbow          |    88 |   236 |    40 ||   364
    Use: Scroll            |     2 |     7 |     1 ||    10
         Potion            |     1 |     3 |       ||     4
 Armour: Leather armour    |    24 |    29 |       ||    53
         Ring mail         |       |    45 |    28 ||    73
  Dodge: Dodged            |    25 |    67 |    32 ||   124

Table legend:
 A = Non-vault XP
 B = Vault XP
 C = Vault XP percentage of total XP
 D = Non-vault monster count
 E = Vault monster count
 F = Vault count percentage of total count
                 A         B        C        D         E       F
            +---------+---------+-------+---------+---------+-------
      Total |     762 |      44 |   5.5 |      96 |      11 |  10.3
            +---------+---------+-------+---------+---------+-------
        D:1 |      80 |       0 |   0.0 |      34 |       0 |   0.0
        D:2 |      61 |       0 |   0.0 |      23 |       0 |   0.0
        D:3 |     171 |      12 |   6.6 |      18 |       6 |  25.0
        D:4 |     450 |      32 |   6.6 |      21 |       5 |  19.2
            +---------+---------+-------+---------+---------+-------
